← All builds
Beach sea / Cortex / Economy first / OBSERVED BUILD

Standard beach sea

Cortex Beach sea build order · Supreme Isthmus

The role's usual play: com goes to sea to build a shipyard around 2 minutes, pumping frigates and destroyers to contest enemy sea entry or hold vision, with an advanced metal extractor around 10 minutes as the transition into the team's…

Usually shipyard first (93%)

#naval #eco · 1552 distinct matches · 206 players · 84% of Cortex Beach sea games · team won 55% of 1756 · Recently observed

HOW TO PLAY IT

Key timing: Shipyard by 1:56

  1. Open 3 mex, then send com to sea to build Shipyard by 1:56.
  2. Add tidal generators, wind and more mex to fund the shipyard.
  3. Pump Riptide first, then Oppressor to contest enemy sea entry.
  4. Get T2 constructor out to start scaling the naval economy.
  5. Transition into Advanced Metal Extractor as the economy phase begins.

Phase by phase

TYPICAL OF ITS 1552 GAMES
  1. 1
  2. 2
  3. 3
PLAY THE OPENING

Follow the example game's first 6:00 step by step: what to build now, what comes next, and where it goes. At 1× it keeps pace with your own game.

  1. 1

    Up to the Shipyard

    Economy
    • Metal Extractor3Mex
    • Wind Turbine3Windfor allies
    • Wind Turbine2Wind
    • Energy Storage1Energy storage
    Order
    1. ShipyardShipyard after 3 mex, 2 wind, 1 energy storagedone ~1:56, middle half 1:43–2:07

    By 1:39 in all: 3 mex · 2 wind · 1 energy storage

    The example game in this phase · 5 steps
    1. Mex ×3
    2. Wind ×3
    3. Radar TowerRadar Tower
    4. Wind
    5. ShipyardShipyarddone 1:50 · typical 1:56
  2. 2

    Shipyard to 5:00

    Economy
    • Metal Extractor5Mex
    • Tidal Generator2Tidal
    Builders
    • Construction Ship2 Con ship
    Army
    • Riptide2 Frigate
    • Herring1 Missile corvette
    • Oppressor1 Destroyer
    Other
    • Naval Radar / Sonar Tower1 Naval Radar / Sonar Tower

    Some games also: Urchin (46%) · mex (38%) · wind (37%) · submarine (36%) · wind (36%)

    By 5:00 in all: 8 mex · 3 wind · 2 tidal · 1 energy storage

    The example game in this phase · 16 steps
    1. HerringMissile corvette
    2. Construction ShipCon ship
    3. Death CavalryDeath Cavalry
    4. Wind
    5. Mex
    6. Wind ×2
    7. Mex
    8. Wind
    9. Mex
    10. Death CavalryDeath Cavalry
    11. RiptideFrigatedone 4:10 · typical 3:50
    12. Mex
    13. RiptideFrigate
    14. Mex
    15. RiptideFrigate ×2
    16. Mex ×2
  3. 3

    5:00 to 10:00

    Economy
    • Metal Extractor1Mex
    • Wind Turbine8Wind
    Builders
    • Construction Ship1 Con ship
    • Death Cavalry1 Death Cavalry
    Army
    • Urchin1 Urchin
    • Riptide5 Frigate
    • Oppressor2 Destroyer
    • Herring2 Missile corvette
    Other
    • Naval Radar / Sonar Tower1 Naval Radar / Sonar Tower

    Some games also: Naval Construction Turret (49%) · Guard (46%) · tidal (40%) · Radar Tower (39%) · wind (34%)

    By 10:00 in all: 9 mex · 10 wind · 4 wind · 4 tidal · 1 energy storage · 1 Naval Construction Turret

    The example game in this phase · 29 steps
    1. RiptideFrigate
    2. GuardGuard
    3. OppressorDestroyerdone 6:03 · typical 5:15
    4. Naval Radar / Sonar TowerNaval Radar / Sonar Tower
    5. RiptideFrigate
    6. Construction ShipCon ship
    7. Naval Construction Turret ×2
    8. Naval Radar / Sonar TowerNaval Radar / Sonar Tower
    9. Naval Construction Turret ×2
    10. Advanced ShipyardAdvanced Shipyarddone 8:52
    11. Advanced Metal ExtractorT2 mexdone 8:59 · typical 9:59
    12. ShipyardEat Shipyardreclaimed for its metal
    13. PathfinderPathfinder
    14. Advanced Metal ExtractorT2 mex
    15. PathfinderPathfinder
    16. Advanced Construction SubAdvanced Construction Sub
    17. PathfinderPathfinder
    18. Advanced Metal ExtractorT2 mex
    19. Tidal
    20. Advanced Construction SubAdvanced Construction Sub
    21. Tidal ×4
    22. Naval Radar / Sonar TowerNaval Radar / Sonar Tower
    23. Tidal ×2
    24. Advanced Metal ExtractorT2 mex
    25. Tidal ×2
    26. PathfinderPathfinder
    27. Tidal
    28. Naval Advanced Metal ExtractorNaval Advanced Metal Extractordone 11:42
    29. Tidal ×5

Counts are medians over the build's games: half of them build more, half fewer. The example game is PrivatePershing's (32 OS, 04/10/2026); pick another.

Team trades

IN AT LEAST 30% OF ITS GAMES

You hand over

  • Wind Turbine3 Wind to Airfirst at 1:46 · in 77% of games

You get

  • Finch1 Finch from Airfirst at 2:00 · in 80% of games
  • Lazarus1 Lazarus from Geofirst at 2:13 · in 63% of games
  • Hephaestus1 Heavy transport from Airfirst at 2:15 · in 65% of games
  • Construction Bot1 Con bot from Geofirst at 2:26 · in 70% of games
  • Hercules1 Light transport from Airfirst at 2:34 · in 32% of games
  • Advanced Construction Bot1 T2 con bot from Techfirst at 8:09 · in 89% of games

How it plays out

Typical game of this build, running totals by minute

Metal produced

010k20k30k
0:005:0010:0015:00

metal

Enemy metal destroyed

05k10k
0:005:0010:0015:00

metal

Own metal lost

02.5k5k7.5k
0:005:0010:0015:00

metal

1756 games.

Show as table
ByMetal produced: This buildEnemy metal destroyed: This buildOwn metal lost: This build
1:0040300
2:0093700
3:00155300
4:002539051
5:003717176103
6:005044484281
7:006488974599
8:00806916701013
9:00968326041541
10:001153737182343
11:001368547653112
12:001625058753910
13:001895468794652
14:002167279375711
15:002457688436529
WHAT THE NUMBERS SAY

Standard Beach sea play has the lowest team win rate of these builds and destroys far less enemy metal early than it loses eco time.

  • + Metal produced climbs to 24945 by 15:00, the highest of all six roles.
  • + Riptide and Oppressor together make 63% of army, a focused naval composition.
  • − Enemy metal destroyed is only 200 by 5:00, barely contesting early sea.
  • − T2 factory only reached in 35% of games, behind other roles' T2 timing.
THE EXAMPLE YOU ARE READING

PrivatePershing

31.6 OS · 04/10/2026

Open source match ↗

7 received units · includes a constructor
52 metal received · 15126 energy received

Allied construction assistance is unknown. Timings are observations, not a promise of solo reproducibility.

Typical milestones

Shipyard1:56Middle 50%: 1:43–2:07 · n=1753
Riptide3:50Middle 50%: 3:12–4:34 · n=1710
Oppressor5:15Middle 50%: 4:28–6:07 · n=1692
Advanced Metal Extractor9:59Middle 50%: 9:17–10:55 · n=1485

Played most by

EpicTyrannus120games of this buildDamsko69games of this buildKbot_my_Ahole67games of this buildWaboum64games of this buildPRO_HYDRA63games of this build